 Dungeon Crawl Stone Soup version 0.28-a0-687-gb91baff9cc (webtiles) character file.

Game seed: 8370217354520498759

0 shoop the Sneak (level 1, -1/11 HPs)
             Began as a Vine Stalker Delver on Oct 19, 2021.
             Slain by a white imp (3 damage)
             ... on level 5 of the Dungeon.
             The game lasted 00:00:14 (30 turns).

shoop the Sneak (Vine Stalker Delver)                 Turns: 30, Time: 00:00:15

Health: -1/11      AC:  3    Str: 14    XL:     1   Next: 0%
Magic:  0/2        EV: 11    Int: 10    God:
Gold:   5          SH:  0    Dex: 15    Spells: 0/0 levels left

rFire   . . .      SeeInvis .   a - +0 short sword
rCold   . . .      Faith    .   (no shield)
rNeg    . . .      Spirit   +   b - +0 leather armour
rPois   .          Reflect  .   (no helmet)
rElec   .          Harm     .   (no cloak)
rCorr   .          Rampage  .   (no gloves)
Will    .....                   (no boots)
Stlth   +++.......              (no amulet)
HPRegen 0.03/turn               (no ring)
MPRegen 0.08/turn               (no ring)

@: no status effects
A: fangs 2, magic shield, antimagic bite, no potion heal 2
a: no special abilities


You were on level 5 of the Dungeon.
You visited 1 branch of the dungeon, and saw 1 of its levels.

You collected 5 gold pieces.

Inventory:

Hand Weapons
 a - a +0 short sword (weapon)
Armour
 b - a +0 leather armour (worn)
Wands
 g - a wand of digging (3)
Scrolls
 c - a scroll of fog
 d - a scroll of magic mapping
 e - 2 scrolls of fear
Potions
 f - a potion of haste


   Skills:
 + Level 2.6 Fighting
 + Level 1.7 Short Blades
 + Level 1.5 Dodging
 + Level 6.0 Stealth


You couldn't memorise any spells.
You didn't know any spells.
Your spell library was empty.

Dungeon Overview and Level Annotations

Branches:
Dungeon (5/15)
 Temple: D:4-7

Altars:
Okawaru


Innate Abilities, Weirdness & Mutations

You have extremely sharp teeth.
When hurt, damage is shared between your health and your magic reserves.
Your bite disrupts and absorbs the magic of your enemies.
Potions cannot restore your health.


Message History

Welcome, shoop the Vine Stalker Delver.
They say the Orb of Zot lies within this dungeon, but they say a lot of things.
Press ? for a list of commands and other information.
Found a scroll of fear and 5 gold pieces.
Found a stone staircase leading down.
e - 2 scrolls of fear (gained 1)
There is a stone staircase leading down here.
You now have 5 gold pieces.
You open the door.
Found an escape hatch in the floor.
Found an iron altar of Okawaru.
There is an open door here.
A white imp comes into view.
There is an open door here.
You close the door.
You start waiting.
A white imp opens the door.
The white imp gestures at you. The puff of frost hits you!
Ouch! That really hurt!
* * * LOW HITPOINT WARNING * * *
There is an open door here.
You hit the white imp.
The white imp is moderately wounded.
The white imp hits you.
* * * LOW HITPOINT WARNING * * *
The white imp freezes you.
You die...

#.# .# # ^. #.# ###.
#.##.# ....# #..#.###
.....##### #.#...#
.........# #...#
≈≈≈≈≈≈...# ##..##♣♣
≈≈≈≈≈≈...#####..##.♣
≈≈_>≈≈..5@.....>..P♣♣♣♣
≈≈..≈≈...########.....♣
≈≈≈≈≈≈...# #..♣P.♣
≈≈≈≈≈≈...# #..♣ ♣#
........## ####
###.....# #######


You could see a white imp.

Vanquished Creatures (others)
  A plant (D:5)
1 creature vanquished.

Notes
Turn   | Place    | Note
-------+----------+-------------------------------------------
     0 | D:5      | shoop the Vine Stalker Delver began the quest for the Orb.
     0 | D:5      | Reached XP level 1. HP: 11/11 MP: 2/2
    18 | D:5      | Found an iron altar of Okawaru.
    30 | D:5      | Slain by a white imp

Illustrated notes

Levels and vault maps discovered:
D:5:      wad_woods_tower, layout_basic, general_overflow_altar,
          lemuel_crystal_altar, uniq_menkaure, uniq_duvessa

Action                   || total
-------------------------++-------
Melee: Short sword       ||     1

Table legend: (Time is in decaauts)
 A = Elapsed time spent in this place.
 B = Non-inter-level travel time spent in this place.
 C = Inter-level travel time spent in this place.
 D = Time resting spent in this place.
 E = Time spent auto-exploring this place.
 F = Levels seen in this place.
 G = Mean time per level.
                   A        B        C        D        E       F      G
               +--------+--------+--------+--------+--------+-----+--------+
         Total |     30 |     30 |      0 |      5 |      0 |   1 |   30.0 |
       Dungeon |     30 |     30 |      0 |      5 |      0 |   1 |   30.0 |
               +--------+--------+--------+--------+--------+-----+--------+

Top non-repeatable levels by time:
     D:5: 30 daAuts
